 Dungeon Crawl Stone Soup version 0.27-a0-1347-gd8886f0a89 (webtiles) character file.

Game seed: 4216038792222413715

3175 octoduck the Zephyrmancer (level 9, -2/55 HPs)
             Began as a Tengu Air Elementalist on June 27, 2021.
             Was an Initiate of Vehumet.
             Slain by Duvessa (4 damage)
             ... on level 7 of the Dungeon.
             The game lasted 01:13:13 (12470 turns).

octoduck the Zephyrmancer (Tengu Air Elementalist) Turns: 12470, Time: 01:13:13

Health: -2/55      AC:  4    Str:  9    XL:     9   Next: 95%
Magic:  2/16       EV: 15    Int: 18    God:    Vehumet [......]
Gold:   266        SH:  0    Dex: 21    Spells: 1/16 levels left

rFire    + + .     SeeInvis +   D - +3 short sword (speed)
rCold    . . .     Faith    .   (no shield)
rNeg     . . .     Spirit   .   B - +2 robe {rF+}
rPois    .         Reflect  .   (helmet restricted)
rElec    .         Harm     .   (no cloak)
rCorr    .         Rampage  .   (no gloves)
Will     .....                  (boots unavailable)
Stlth    +++.......             j - amulet of regeneration
HPRegen  1.18/turn              d - ring "Qoehi" {rF+ Dex+6 Slay+3 SInv}
MPRegen  0.15/turn              v - ring of wizardry

@: about to teleport, flying quickly and evasively, quick
A: beak, talons 3, nimble flight
a: Renounce Religion


You were on level 7 of the Dungeon.
You worshipped Vehumet.
Vehumet was noncommittal.
You visited 2 branches of the dungeon, and saw 8 of its levels.

You collected 266 gold pieces.

Inventory:

Hand Weapons
 p - a +0 hunting sling
 y - the +6 hunting sling of Starshine {vorpal, Will+ MP-9 Stlth+}
   (You found it on level 7 of the Dungeon)

   Any stone fired from it inflicts extra damage.
   MP:        It affects your magic capacity (-9).
   Will:      It increases your willpower.
   Stlth:     It makes you more stealthy.
 D - a +3 short sword of speed (weapon)
Missiles
 q - 88 stones
Armour
 a - a +0 robe
 l - a +0 leather armour
 B - a +2 robe of fire resistance (worn)
Jewellery
 d - the ring "Qoehi" (left hand) {rF+ Dex+6 Slay+3 SInv}
   (You acquired it on level 2 of the Dungeon)

   [ring of dexterity]

   Dex:       It affects your dexterity (+6).
   Slay:      It affects your accuracy & damage with ranged weapons and melee
   (+3).
   rF:        It protects you from fire.
   SInv:      It lets you see invisible.
 j - an amulet of regeneration (around neck)
 k - a ring of positive energy
 r - a ring of ice
 t - a ring of see invisible
 u - an amulet of the acrobat
 v - a ring of wizardry (right hand)
Wands
 x - a wand of charming (14)
 C - a wand of iceblast (9)
 E - a wand of acid (10)
Scrolls
 b - 2 scrolls of amnesia
 c - a scroll of vulnerability
 e - 6 scrolls of teleportation
 s - a scroll of blinking
 w - a scroll of magic mapping
Potions
 f - 2 potions of curing {unknown}
 g - 2 potions of attraction {unknown}
 h - 2 potions of magic {unknown}
 i - 2 potions of might
 m - 3 potions of haste
 n - 2 potions of flight {unknown}
 o - a potion of invisibility {unknown}
 z - 2 potions of brilliance {unknown}
 A - 4 potions of lignification {unknown}


   Skills:
 - Level 6.0 Fighting
 - Level 2.1 Dodging
 - Level 5.7 Stealth
 - Level 4.2 Spellcasting
 + Level 8.0 Conjurations
 + Level 11.2 Air Magic


You had one spell level left.
You knew the following spells:

 Your Spells              Type           Power      Damage    Failure   Level
a - Shock                 Conj/Air       100%       1d9       1%          1
b - Static Discharge      Conj/Air       38%        N/A       1%          2
c - Swiftness             Air            44%        N/A       1%          3
d - Airstrike             Air            22%        N/A       1%          4
e - Lightning Bolt        Conj/Air       19%        1d33      3%          5

Your spell library contained the following spells:

 Spells                   Type           Power      Damage    Failure   Level


Dungeon Overview and Level Annotations

Branches:
Dungeon (7/15)             Temple (1/1) D:5

Altars:
Ashenzari
Cheibriados
Dithmenos
Elyvilon
Fedhas
Gozag
Hepliaklqana
Kikubaaqudgha
Makhleb
Nemelex Xobeh
Qazlal
Ru
Sif Muna
Trog
Vehumet
Wu Jian
Xom
Yredelemnul
Zin
The Shining One

Shops:
D:5 =

Annotations:
D:6 exclusions: upstairs, yak and 2 more exclusions
D:7 Duvessa


Innate Abilities, Weirdness & Mutations

You have a beak for a mouth.
You have claws for feet.
Your magical nature lets you fly swiftly and evasively.


Message History

Aim: Dowan, wielding a +0 dagger of speed and wearing a +0 robe (severely wounded)
The air twists around and strikes Dowan!
You kill Dowan!
Vehumet accepts your kill.
Duvessa weeps, then rights herself and shakes her weapon.
Duvessa goes berserk!
Your Conjurations skill increases to level 8!
Casting: Airstrike (dangerous; 1% risk of failure)
Confirm with . or Enter, or press ? or * to list all spells.
Aiming: Lightning Bolt (dangerous; 3% risk of failure)
Press: ? - help, Shift-Dir - straight line You hear a mighty clap of thunder!
The bolt of lightning hits Duvessa!!
Duvessa is heavily wounded.
The bolt of lightning hits Duvessa.
Duvessa is heavily wounded.
Duvessa hits you with a +0 rapier! Duvessa hits you but does no damage.
Duvessa rages.
Duvessa hits you with a +0 rapier!
Duvessa rages.
Casting: Lightning Bolt (dangerous; 3% risk of failure)
Confirm with . or Enter, or press ? or * to list all spells.
Aiming: Shock (safe; 1% risk of failure)
Press: ? - help, Shift-Dir - straight line
Okay, then.
Casting: Shock (safe; 1% risk of failure)
Confirm with . or Enter, or press ? or * to list all spells.
Duvessa is struck by an arc of lightning.
Duvessa is heavily wounded.
You are struck by an arc of lightning.
Duvessa is struck by an arc of lightning.
Duvessa is severely wounded.
The lightning grounds out.
Duvessa hits you with a +0 rapier!!
* * * LOW HITPOINT WARNING * * *
As you read the scroll of teleportation, it crumbles to dust.
You feel strangely unstable. Duvessa hits you with a +0 rapier!
* * * LOW HITPOINT WARNING * * *
Duvessa hits you with a +0 rapier.
You die...

##....#.........# ##....#####
#...#..##..####.# ##...#
...##.###.## ##.## ##.###
......##..####...###....##
......#......##...#....#....♣
#............#......).......
##....).###......#....[.....
#..#...^##................
##..........#...@........#
..............#e##.......#
.......#.#......#..#.....########
#.......##.........#.........#...
..#.#....#.................#.##..
..#.#.#.........####.......#.##.#
.#....#.........# ##..........#..
#.###...........###....#.......##
####..........................#..


You could see Duvessa (berserk).

Vanquished Creatures
  Pikel (D:2)
  Grinder (D:2)
  A wyvern (D:7)
  A steam dragon (D:6)
  Menkaure (D:5)
  A water moccasin (D:7)
  2 sky beasts
  An ice beast (D:5)
  A black bear (D:6)
  An orc warrior (D:7)
  4 ogres
  5 centaurs
  A phantom (D:4)
  A kobold brigand (D:6)
  2 bullfrogs (D:7)
  A scorpion (D:4)
  Dowan (D:7)
  A bullfrog zombie (D:6)
  2 jellies
  2 centaur skeletons
  An orc priest (D:5)
  A bullfrog skeleton (D:5)
  4 orc wizards
  4 adders
  8 gnolls
  An adder skeleton (D:4)
  A worm (D:2)
  A dart slug (D:5)
  15 orcs
  9 ball pythons
  3 endoplasms
  4 giant cockroaches
  9 goblins
  5 hobgoblins
  2 jackals (D:2)
  11 kobolds
  A quokka (D:1)
  4 bats
  2 frilled lizards
  2 rats
119 creatures vanquished.

Vanquished Creatures (others)
  A djinni (D:1)
  A vine stalker (D:1)
  2 trolls (D:1)
  5 dream sheep (D:7)
  A vampire (D:1)
  A spriggan (D:1)
  A human (D:1)
  A naga (D:1)
  2 ogres (D:1)
  A tengu (D:1)
  2 mummies (D:1)
  2 orcs (D:1)
  4 plants (D:6)
  8 tentacles (D:1)
32 creatures vanquished.

Grand Total: 151 creatures vanquished

Notes
Turn   | Place    | Note
-------+----------+-------------------------------------------
     0 | D:1      | octoduck the Tengu Air Elementalist began the quest for the
                  | Orb.
     0 | D:1      | Reached XP level 1. HP: 10/10 MP: 4/4
     2 | D:1      | Noticed a troll
     2 | D:1      | Noticed a tengu
     2 | D:1      | Noticed a spriggan
     2 | D:1      | Noticed a human
     2 | D:1      | Noticed a vampire
     2 | D:1      | Noticed a kraken
     2 | D:1      | Noticed a djinni
     2 | D:1      | Noticed an ogre
     2 | D:1      | Noticed a naga
     2 | D:1      | Noticed a troll
     2 | D:1      | Noticed an ogre
     2 | D:1      | Noticed a vine stalker
     3 | D:1      | Killed a tengu
     6 | D:1      | Killed an ogre
     7 | D:1      | Killed a naga
     8 | D:1      | Killed a djinni
     9 | D:1      | Killed a spriggan
    11 | D:1      | Killed a vampire
    11 | D:1      | Killed a troll
    11 | D:1      | Killed an ogre
    12 | D:1      | Killed a troll
    13 | D:1      | Killed a human
    14 | D:1      | Killed a vine stalker
   319 | D:1      | Reached XP level 2. HP: 14/15 MP: 1/6
   552 | D:1      | Learned a level 2 spell: Static Discharge
   612 | D:1      | Found a faded altar of an unknown god.
  1082 | D:2      | Reached XP level 3. HP: 19/19 MP: 5/7
  1406 | D:2      | Reached skill level 5 in Air Magic
  1827 | D:2      | Reached XP level 4. HP: 24/24 MP: 2/8
  2154 | D:2      | Identified a scroll of acquirement
  2154 | D:2      | Acquired the ring "Qoehi" {rF+ Dex+6 Slay+3 SInv}
  2303 | D:3      | Found an ornate altar of the Wu Jian Council.
  2537 | D:3      | Noticed Grinder
  2794 | D:3      | Reached skill level 6 in Air Magic
  2850 | D:3      | Gained mutation: Your magical nature lets you fly swiftly
                  | and evasively. [Tengu growth]
  2850 | D:3      | Reached XP level 5. HP: 21/28 MP: 2/9
  3578 | D:4      | Found a glowing silver altar of Zin.
  3578 | D:4      | Noticed a lemure
  3578 | D:4      | Noticed a lemure
  3579 | D:4      | Noticed Pikel
  3579 | D:4      | Noticed a lemure
  3579 | D:4      | Noticed a lemure
  4530 | D:4      | Learned a level 3 spell: Swiftness
  4549 | D:5      | Entered Level 5 of the Dungeon
  4551 | D:5      | Noticed Menkaure
  4796 | D:5      | Noticed a sky beast
  4984 | D:5      | Reached skill level 7 in Air Magic
  4984 | D:5      | Reached XP level 6. HP: 30/32 MP: 10/10
  5020 | D:5      | Found a blossoming altar of Fedhas.
  5128 | D:5      | Noticed an ice beast
  5702 | D:5      | Found Susac's Jewellery Boutique.
  5769 | D:5      | Found a staircase to the Ecumenical Temple.
  5787 | Temple   | Entered the Ecumenical Temple
  6230 | D:6      | Reached skill level 8 in Air Magic
  6230 | D:6      | Reached XP level 7. HP: 36/36 MP: 11/11
  6235 | D:6      | Learned a level 4 spell: Airstrike
  6255 | D:6      | Noticed a yak
  7127 | D:2      | Killed Pikel
  7128 | D:2      | Reached skill level 5 in Stealth
  7128 | D:2      | Reached skill level 9 in Air Magic
  7128 | D:2      | Reached XP level 8. HP: 27/41 MP: 2/12
  7313 | D:2      | Killed Grinder
  7314 | D:2      | Reached skill level 1 in Fighting
  7314 | D:2      | Reached skill level 10 in Air Magic
  8188 | D:5      | Reached skill level 5 in Conjurations
  8414 | D:5      | Found a sparkling altar of Nemelex Xobeh.
  8813 | D:5      | Killed Menkaure
  9014 | D:6      | Found a white marble altar of Elyvilon.
  9194 | D:6      | Reached XP level 9. HP: 52/52 MP: 0/13
 10097 | D:6      | Reached skill level 5 in Fighting
 11233 | D:7      | Identified the +6 hunting sling of Starshine {vorpal, Will+
                  | MP-9 Stlth+}
 11289 | D:7      | Found a radiant altar of Vehumet.
 11297 | D:7      | Became a worshipper of Vehumet
 11347 | D:7      | Learned a level 5 spell: Lightning Bolt
 11808 | D:7      | Found a broken altar of Ashenzari.
 11818 | D:7      | Reached skill level 11 in Air Magic
 12081 | D:7      | Noticed Duvessa
 12328 | D:7      | Found a shimmering altar of Xom.
 12459 | D:7      | Noticed Dowan
 12462 | D:7      | Killed Dowan
 12470 | D:7      | HP: 2/55 [Duvessa (12)]
 12470 | D:7      | Slain by Duvessa

Illustrated notes

Levels and vault maps discovered:
D:1:      nicolae_arrival_kraken_aquarium_b, layout_rooms,
          hellmonk_ecumenical_altar_leap_of_faith, minivault_5,
          minmay_misc_feat_tower
D:2:      layout_basic
D:3:      layout_basic, lemuel_coloured_pillars_altar,
          hangedman_decor_slide_cut, grunt_decor_one_mirror,
          nrook_mini_backslash, uniq_grinder
D:4:      layout_layer_cave, lemuel_tele_altar, uniq_pikel
D:5:      layout_loops_corners, fedhas_altar_1, kennysheep_mini_moat,
          minmay_temple_entry_crystal_x, serial_shops,
          nicolae_shop_behind_doors, uniq_menkaure
D:6:      layout_gridville, nicolae_elyvilon_temple_path, serial_bayou_crossing
D:7:      layout_layer_cave, kb_xom_exploding_sheep, old_standard_altar,
          lemuel_round_altar, uniq_duvessa, uniq_crazy_yiuf_cottage
Temple:   nicolae_temple_x_marks_the_god

Skill      XL: |  1  2  3  4  5  6  7  8  9 |
---------------+----------------------------+-----
Conjurations   | 2 3 4 7 8 |  8.0
Air Magic      | 5 6 7 8 9 10 11 | 11.2
Stealth        | 3 5 |  5.7
Fighting       | 4 6 |  6.0
Spellcasting   | 4 |  4.2
Dodging        | |  2.1

Action                   |  1- 3 |  4- 6 |  7- 9 || total
-------------------------+-------+-------+-------++-------
Melee: Dagger            |     5 |       |       ||     5
       Kick              |     3 |     6 |     9 ||    18
       Short sword       |    11 |    27 |    38 ||    76
       Peck              |       |     3 |     6 ||     9
 Cast: Shock             |    54 |    62 |    42 ||   158
       Static Discharge  |       |     5 |    10 ||    15
       Swiftness         |       |     1 |     1 ||     2
       Airstrike         |       |       |    39 ||    39
       Lightning Bolt    |       |       |     1 ||     1
  Use: Scroll            |     5 |     7 |     4 ||    16
 Stab: Sleeping          |     3 |     2 |     4 ||     9
       Distracted        |     1 |       |     1 ||     2
Armor: Robe              |     7 |     5 |    11 ||    23
Dodge: Dodged            |    20 |    44 |    55 ||   119

Table legend: (Time is in decaauts)
 A = Elapsed time spent in this place.
 B = Non-inter-level travel time spent in this place.
 C = Inter-level travel time spent in this place.
 D = Time resting spent in this place.
 E = Time spent auto-exploring this place.
 F = Levels seen in this place.
 G = Mean time per level.
                   A        B        C        D        E       F      G
               +--------+--------+--------+--------+--------+-----+--------+
         Total |  11799 |  10178 |   1621 |   2629 |   2897 |   8 | 1474.9 |
       Dungeon |  11673 |  10052 |   1621 |   2580 |   2855 |   7 | 1667.6 |
        Temple |    126 |    126 |      0 |     49 |     42 |   1 |  126.0 |
               +--------+--------+--------+--------+--------+-----+--------+

Top non-repeatable levels by time:
     D:5: 1989 daAuts
     D:3: 1908 daAuts
     D:7: 1769 daAuts
     D:2: 1701 daAuts
     D:4: 1677 daAuts
     D:6: 1640 daAuts
     D:1: 985 daAuts
  Temple: 126 daAuts
